 Dungeon Crawl Stone Soup version 0.26-a0-649-gf8c6c3aab7 (webtiles) character file.

Game seed: 16196733296800328067

38 Drevant2 the Poker (level 3, -1/29 HPs)
             Began as a Merfolk Chaos Knight on Sept 27, 2020.
             Was a Plaything of Xom.
             Succumbed to a kobold's poison
             ... on level 1 of the Dungeon.
             The game lasted 00:01:13 (876 turns).

Drevant2 the Poker (Merfolk Chaos Knight)            Turns: 876, Time: 00:01:13

Health: -1/29      AC:  5    Str: 13    XL:     3   Next: 43%
Magic:  3/3        EV: 12    Int: 11    God:    Xom [..*...]
Gold:   29         SH:  0    Dex: 13    Spells: 2/2 levels left

rFire    . . .     SeeInvis .   a - +0 spear (chaos)
rCold    . . .     Faith    .   (no shield)
rNeg     . . .     Spirit   .   b - +2 leather armour
rPois    .         Reflect  .   (no helmet)
rElec    .         Harm     .   (no cloak)
rCorr    .         Rampage  .   (no gloves)
MR       .....                  (no boots)
Stlth    +.........             (no amulet)
HPRegen  0.09/turn              (no ring)
MPRegen  0.08/turn              (no ring)

@: lethally poisoned (-1 -> -27)
A: change form in water, swift swim, stealthy swim
a: Renounce Religion


You were on level 1 of the Dungeon.
You worshipped Xom.
You were a toy of Xom.
You visited 1 branch of the dungeon, and saw 1 of its levels.

You collected 29 gold pieces.

Inventory:

Hand Weapons
 a - a +0 spear of chaos (weapon)
Armour
 b - a +2 leather armour (worn)
Scrolls
 c - 2 scrolls of identify {unknown}
 f - a scroll of immolation {unknown}
 g - a scroll of enchant weapon {unknown}
Potions
 d - a potion of stabbing {unknown}
 e - a potion of ambrosia {unknown}
 h - a potion of haste {unknown}
 i - 2 potions of lignification {unknown}
 j - 2 potions of brilliance {unknown}


   Skills:
 - Level 3.4 Fighting
 * Level 5.9 Polearms
 - Level 1.0 Armour
 + Level 2.8 Dodging
 - Level 0.2 Stealth


You had 2 spell levels left.
You didn't know any spells.
Your spell library was empty.

Dungeon Overview and Level Annotations

Branches:
Dungeon (1/15)

Altars:


Message History

a poisoned dart; a +0 club
* * * LOW HITPOINT WARNING * * *
You feel sick.
The kobold throws a poisoned dart.
The poisoned dart barely misses you.
You see here a poisoned dart.
* * * LOW HITPOINT WARNING * * *
You feel sick.
* * * LOW HITPOINT WARNING * * *
You feel sick.
The kobold throws a poisoned dart.
The poisoned dart barely misses you.
You see here a poisoned dart.
* * * LOW HITPOINT WARNING * * *
You feel sick.
The kobold throws a poisoned dart.
The poisoned dart barely misses you.
* * * LOW HITPOINT WARNING * * *
You feel sick.
The kobold throws a poisoned dart.
The poisoned dart hits you!
You are more poisoned.
You see here 2 poisoned darts.
You die...
Xom chuckles heartily!

####...............###)
#.....)......#####)###.
#.##..........# #.....
#.##..#######(# #####.
#.##..# #.# ####.
#.##..# #.# #....
#.##..# #.# #.##.
###################.###
#.(.(@(((..(..........
#.....................
#...##K..####...#####.
#...##...# #...# #.
#........####...# #.
#...............#####.
#............(........
#...#######......)....
#...#####...


You could see a kobold.

Vanquished Creatures
  An adder (D:1)
  3 dart slugs (D:1)
  4 giant cockroaches (D:1)
  2 goblins (D:1)
  2 hobgoblins (D:1)
  2 jackals (D:1)
  2 bats (D:1)
  3 frilled lizards (D:1)
  2 kobolds (D:1)
  2 rats (D:1)
23 creatures vanquished.

Notes
Turn   | Place    | Note
-------+----------+-------------------------------------------
     0 | D:1      | Drevant2 the Merfolk Chaos Knight began the quest for the
                  | Orb.
     0 | D:1      | Reached XP level 1. HP: 18/18 MP: 1/1
    15 | D:1      | Reached skill level 5 in Polearms
   115 | D:1      | Reached skill level 1 in Armour
   115 | D:1      | Reached XP level 2. HP: 24/24 MP: 2/2
   184 | D:1      | XOM: silly message
   467 | D:1      | XOM: silly message
   538 | D:1      | XOM: silly message
   669 | D:1      | Reached XP level 3. HP: 29/29 MP: 3/3
   848 | D:1      | XOM: noise
   875 | D:1      | HP: 1/29 [poisoned by a kobold]
   876 | D:1      | Succumbed to a kobold's poison

Illustrated notes

Levels and vault maps discovered:
D:1:      dpeg_arrival_boxorama, layout_loops_ring

Skill      XL: |  1 |
---------------+----+-----
Polearms       | 5 |  5.9
Armour         | 1 |  1.0
Fighting       | |  3.4
Dodging        | |  2.8
Stealth        | |  0.2

Action                   || total
-------------------------++-------
Melee: Spear             ||    88
 Stab: Petrifying        ||     2
       Petrified         ||     2
       Paralysed         ||     2
       Confused          ||     1
       Sleeping          ||     1
Armor: Leather armour    ||    12
Dodge: Dodged            ||    36

Table legend: (Time is in decaauts)
 A = Elapsed time spent in this place.
 B = Non-inter-level travel time spent in this place.
 C = Inter-level travel time spent in this place.
 D = Time resting spent in this place.
 E = Time spent auto-exploring this place.
 F = Levels seen in this place.
 G = Mean time per level.
                   A        B        C        D        E       F      G
               +--------+--------+--------+--------+--------+-----+--------+
         Total |    861 |    861 |      0 |     66 |    652 |   1 |  861.0 |
       Dungeon |    861 |    861 |      0 |     66 |    652 |   1 |  861.0 |
               +--------+--------+--------+--------+--------+-----+--------+

Top non-repeatable levels by time:
     D:1: 861 daAuts
